 Dungeon Crawl Stone Soup version 0.21-a0-150-gc243083 (webtiles) character file.

36780 drasked the Brawler (level 13, -6/135 HPs)
             Began as a Troll Monk on July 27, 2017.
             Was a High Priest of Jiyva.
             Mangled by an entropy weaver (10 damage)
             ... on level 5 of the Lair of Beasts.
             The game lasted 00:55:53 (14564 turns).

drasked the Brawler (Troll Monk)                   Turns: 14564, Time: 00:55:54

Health: -6/135     AC: 13    Str: 23    XL:     13   Next: 54%
Magic:  0/12       EV: 16    Int:  6    God:    Jiyva [*****.]
Gold:   739        SH:  0    Dex: 15    Spells: 12/12 levels left

rFire    . . .     SeeInvis .     - Unarmed
rCold    . . .     Gourm    +   (no shield)
rNeg     . . .     Faith    .   a - +0 robe
rPois    +         Spirit   +   (helmet restricted)
rElec    .         Reflect  .   H - scarf {Spirit}
rCorr    +         Harm     .   (gloves unavailable)
MR       .....                  (boots unavailable)
Stlth    ++........             m - amulet of regeneration {+regen, !d}
HPRegen  1.12/turn              q - ring of poison resistance {rPois, !d}
MPRegen  0.13/turn              J - ring of Robustness {AC+8}

@: no status effects
A: unfitting armour, claws 3, fast metabolism 3, gourmand, regeneration 1,
shaggy fur 1, tough skin 2, jelly sensing items
a: Request Jelly, Slimify, Cure Bad Mutation, Renounce Religion


You were on level 5 of the Lair of Beasts.
You worshipped Jiyva.
Jiyva was extremely pleased with you.
You were completely stuffed.

You visited 3 branches of the dungeon, and saw 18 of its levels.
You also visited: Sewer.

You collected 739 gold pieces.

Inventory:

Armour
 a - a +0 robe (worn)
 H - a scarf of spirit shield (worn)
   (You found it on level 5 of the Dungeon)
Magical Staves
 P - an uncursed staff of power {unknown}
   (You found it on level 5 of the Lair of Beasts)
 U - an uncursed staff of fire {unknown}
   (You found it on level 5 of the Lair of Beasts)
Jewellery
 l - a +5 amulet of reflection
   (You found it on level 1 of the Lair of Beasts)
 m - an amulet of regeneration (around neck) {+regen, !d}
   (You found it on level 2 of the Dungeon)
 q - a ring of poison resistance (left claw) {rPois, !d}
   (You found it on level 2 of the Dungeon)
 r - an uncursed ring of protection from cold {rC+, !d}
   (You found it on level 9 of the Dungeon)
 J - the ring of Robustness (right claw) {AC+8}
   (You found it on level 7 of the Dungeon)

   [ring of protection]

   It affects your AC (+8).
 M - an uncursed ring of resist corrosion
   (You found it on level 8 of the Dungeon)
Wands
 f - a wand of polymorph (12/24)
   (You found it on level 5 of the Lair of Beasts)
 A - a wand of acid (7/15)
   (You found it on level 5 of the Lair of Beasts)
 K - a wand of digging (6/24)
   (You found it on level 7 of the Dungeon)
 Q - a wand of digging (8/24)
   (You found it on level 8 of the Dungeon)
 R - a wand of paralysis (11/24)
   (You found it on level 3 of the Lair of Beasts)
 S - a wand of clouds (0/9)
   (You found it on level 4 of the Dungeon)
Scrolls
 d - 9 scrolls of remove curse
 g - 5 scrolls of teleportation
 i - 2 scrolls of immolation {unknown}
 j - 4 scrolls of recharging {unknown}
 t - 3 scrolls of identify
 v - 3 scrolls of enchant weapon {unknown}
 w - 4 scrolls of magic mapping {!r}
 x - 5 scrolls of fear {unknown}
 y - a scroll of fog {unknown}
 D - 5 scrolls of enchant armour {unknown}
 E - 3 scrolls of noise {unknown}
 I - 4 scrolls of blinking {unknown}
 N - a scroll of random uselessness {unknown}
Potions
 e - 3 potions of might
 h - 3 potions of brilliance
 k - a potion of cancellation
 n - 3 potions of heal wounds
 p - 8 potions of curing
 s - 4 potions of magic
 z - 3 potions of haste
 C - a potion of berserk rage {!q}
 F - 4 potions of lignification {!q}
 G - 2 potions of flight
 L - 2 potions of mutation {!q}
 O - a potion of agility {unknown}
 T - 3 potions of invisibility {unknown}
Comestibles
 b - 10 bread rations {@e1}
 c - 10 royal jellies
 o - 9 meat rations {@e2}
 u - 13 fruits
 B - a chunk of flesh {@w0}


   Skills:
 + Level 10.4 Fighting
 + Level 10.1 Dodging
 - Level 1.0 Stealth
 * Level 16.2 Unarmed Combat


You had 12 spell levels left.
You didn't know any spells.

Dungeon Overview and Level Annotations

Branches:
Dungeon (11/15)            Temple (1/1) D:6            Lair (6/6) D:9
 Shoals (0/4) Lair:2       Spider (0/4) Lair:4        Slime (0/5) Lair:6
    Orc: D:9-12

Altars:
Ashenzari
Cheibriados
Dithmenos
Elyvilon
Fedhas
Gozag
Hepliaklqana
Kikubaaqudgha
Makhleb
Nemelex Xobeh
Okawaru
Qazlal
Ru
Sif Muna
Trog
Uskayaw
Vehumet
Wu Jian
Xom
Yredelemnul
Zin
The Shining One
Jiyva

Annotations:
Lair:2 exclusion: oklob plant
Lair:4 exclusion: 2 oklob plants
Lair:5 Kirke
Lair:6 exclusion: hydra


Innate Abilities, Weirdness & Mutations

You are too large for most types of armour.
You have claws for hands.
Your metabolism is lightning-fast.
You like to eat raw meat.
Your natural rate of healing is unusually fast.
You are covered in fur. (AC +1)
You have very tough skin. (AC +2)
You have a small jelly attached to you that senses nearby items.


Message History

The soldier ant stings the jelly!
The acid corrodes the soldier ant!
The soldier ant is burned by acid!
The jelly hits the soldier ant.
The soldier ant is splashed with acid.
The acid corrodes the soldier ant!
The soldier ant stings the jelly!
The jelly dies!
A soldier ant comes into view.
You hear a distant slurping noise.
You may now expel jellies when seriously injured.
You can now call upon Jiyva to remove your harmful mutations.
Jiyva alters your body.
You feel as though nothing has changed. Jiyva appreciates your sacrifice.
You feel a little less hungry.
You mangle the soldier ant!!
You kill the soldier ant!
The soldier ant twitches its antennae in your direction.
You hear a distant slurping noise.
Jiyva appreciates your sacrifice.
You feel a little less hungry. The soldier ant stings you.
You take 3 damage, and have 132/135 hp.
You barely miss the soldier ant.
You claw the soldier ant, but do no damage.
You barely miss the soldier ant. The soldier ant stings you!
You take 6 damage, and have 126/135 hp.
You barely miss the soldier ant. The soldier ant closely misses you.
You claw the soldier ant!
The soldier ant waves its antennae.
The soldier ant misses you.
You mangle the soldier ant!!
You kill the soldier ant!
You see here a soldier ant corpse.
Health restored: 135 An entropy weaver comes into view.
A crocodile comes into view.
The entropy weaver mumbles some strange words.
The entropic weave corrodes you!
The entropy weaver mumbles some strange words.
The entropic weave corrodes you!
The entropy weaver gestures wildly while chanting.
The entropic weave corrodes you!
You hear a distant slurping noise.
Jiyva appreciates your sacrifice.
You feel a little less hungry.
The entropy weaver gestures wildly while chanting.
You mangle the entropy weaver!! You scratch the entropy weaver.
The entropy weaver hits you. The entropy weaver hits you!
The entropy weaver completely misses you.
The entropy weaver hits you.
You take 11 damage, and have 124/135 hp.
You now have 11/12 mp.
You barely miss the entropy weaver. The entropy weaver closely misses you.
The entropy weaver hits you. The entropy weaver hits you!
The entropy weaver hits you.
You take 18 damage, and have 106/135 hp.
You now have 9/12 mp.
You barely miss the entropy weaver.
You claw the entropy weaver, but do no damage.
The entropy weaver hits you! x4
You take 45 damage, and have 61/135 hp.
MASSIVE DAMAGE!!
You now have 5/12 mp.
You scratch the entropy weaver but do no damage.
The entropy weaver hits you! The entropy weaver closely misses you.
The entropy weaver barely misses you. The entropy weaver closely misses you.
You take 12 damage, and have 49/135 hp.
You now have 4/12 mp.
You barely miss the entropy weaver. The entropy weaver hits you. x2
The entropy weaver completely misses you.
The entropy weaver hits you!
* * * LOW HITPOINT WARNING * * *
You take 17 damage, and have 32/135 hp.
You now have 3/12 mp.
You scratch the entropy weaver but do no damage.
You barely miss the entropy weaver. The entropy weaver hits you!
* * * LOW HITPOINT WARNING * * *
The entropy weaver barely misses you. The entropy weaver hits you!
* * * LOW HITPOINT WARNING * * *
The entropy weaver hits you.
* * * LOW HITPOINT WARNING * * *
You take 25 damage, and have 8/135 hp.
You now have 1/12 mp.
You feel much better. The entropy weaver hits you!
* * * LOW HITPOINT WARNING * * *
The entropy weaver hits you!
* * * LOW HITPOINT WARNING * * *
The entropy weaver hits you.
* * * LOW HITPOINT WARNING * * *
The entropy weaver misses you.
You regained 4 hp, and now have 12/135 hp.
You now have 0/12 mp.
Okay, then.
Okay, then.
Your magical effects are unravelling.
You feel magically purged.
You are no longer corroded.
The entropy weaver hits you.
* * * LOW HITPOINT WARNING * * *
The entropy weaver closely misses you. The entropy weaver hits you.
* * * LOW HITPOINT WARNING * * *
The entropy weaver hits you!
You die...

...###................P.......#..
##.####.......P...#....P##.#...#.
#...###...#..P#....#...P.......#.
.....#............##.............
....P#............##...........#.
....###.....#..P.##........#..###
....##.....##..#......##...P..##.
...#.#...........................
................@a...............
.................................
.................................
.†...............................
........P........................
.#.###.................P.#####.#.
#######....P#.#.#..P...#.#***###.
#....##.........P.......##*.,,#..
.....##............#.....#,..,.#.


You could see an entropy weaver.

Vanquished Creatures
  2 hydras
  3 two-headed ogres
  A queen ant (Lair:5)
  6 death yaks
  The ghost of p0werm0de the Slicer, a novice OpBe of Trog (Lair:1)
  A lindwurm (Lair:4)
  6 elephants (Lair:5)
  A centaur zombie (D:11)
  2 merfolk sirens (Lair:2)
  3 black mambas
  2 centaur skeletons
  10 spiny frogs
  A rime drake (Lair:5)
  6 komodo dragons
  The ghost of drasked the Ruffian, an amateur TrMo (D:4)
  2 trolls
  2 merfolk (Lair:2)
  4 dream sheep (Lair:6)
  10 blink frogs
  A spriggan (D:8)
  3 wyverns
  26 yaks
  Eustachio (D:5)
  A steam dragon (D:7)
  Edmund (D:5)
  20 soldier ants (Lair:5)
  7 water moccasins
  Duvessa (D:5)
  4 porcupines
  A black bear (D:9)
  An ice beast (D:5)
  3 orc warriors
  A necrophage (D:9)
  A phantom (D:4)
  2 centaurs
  19 wolves
  8 ogres
  12 crocodiles
  Blork the orc (D:8)
  A big kobold (D:8)
  15 bullfrogs
  Dowan (D:5)
  4 scorpions
  6 killer bees
  11 wights
  2 howler monkeys
  2 crimson imps
  A gnoll shaman (D:10)
  3 hounds
  A jelly (D:7)
  An orc priest (D:6)
  3 orc wizards
  Crazy Yiuf (D:6)
  3 iguanas
  Jessica (D:2)
  3 bullfrog skeletons
  28 worker ants
  A hound zombie (D:6)
  A worker ant zombie (D:8)
  A howler monkey skeleton (D:7)
  13 adders
  15 gnolls
  7 river rats
  3 shadow imps
  5 oozes
  5 worms
  2 dart slugs
  8 leopard geckos
  20 orcs
  4 bats
  8 giant cockroaches
  6 goblins
  8 hobgoblins
  11 jackals
  5 quokkas
  16 ball pythons
  8 frilled lizards
  12 kobolds
  A quokka zombie (D:7)
  32 rats
457 creatures vanquished.

Vanquished Creatures (others)
  2 oklob plants
  A blink frog (Lair:2)
  A soldier ant (Lair:5)
  A bullfrog (Lair:4)
  20 jellies
  25 fungi
  14 plants
64 creatures vanquished.

Grand Total: 521 creatures vanquished

Notes
Turn   | Place    | Note
-------+----------+-------------------------------------------
     0 | D:1      | drasked the Troll Monk began the quest for the Orb.
     0 | D:1      | Reached XP level 1. HP: 22/22 MP: 0/0
   160 | D:1      | Reached XP level 2. HP: 20/29 MP: 1/1
   476 | D:1      | Reached XP level 3. HP: 36/36 MP: 2/2
   630 | D:2      | Reached skill level 4 in Unarmed Combat
   690 | D:2      | Found a hazy altar of Hepliaklqana.
   694 | D:2      | Noticed Jessica
   708 | D:2      | Killed Jessica
   708 | D:2      | Reached skill level 3 in Fighting
   708 | D:2      | Reached XP level 4. HP: 30/45 MP: 3/3
   881 | D:2      | Found an ornate altar of the Wu Jian Council.
  1115 | D:2      | Reached skill level 3 in Dodging
  1247 | D:2      | Found an opulent altar of Gozag.
  1454 | D:3      | Reached XP level 5. HP: 51/53 MP: 4/4
  2383 | D:4      | Found a glowing drain.
  2387 | D:4      | Reached skill level 5 in Unarmed Combat
  2396 | Sewer    | Entered a sewer
  2602 | Sewer    | Reached XP level 6. HP: 45/61 MP: 5/5
  2899 | D:4      | Reached skill level 6 in Unarmed Combat
  2910 | D:4      | Reached XP level 7. HP: 59/68 MP: 6/6
  2923 | D:4      | Noticed drasked's ghost (amateur TrMo)
  3048 | D:4      | Reached skill level 4 in Fighting
  3053 | D:4      | Found a shattered altar of Ashenzari.
  3100 | D:4      | Found a burning altar of Makhleb.
  3410 | D:4      | Killed drasked's ghost
  3410 | D:4      | Reached skill level 4 in Dodging
  3410 | D:4      | Reached skill level 7 in Unarmed Combat
  3488 | D:4      | Found a faded altar of an unknown god.
  3488 | D:4      | Found a shimmering altar of Xom.
  3493 | D:4      | Reached XP level 8. HP: 55/79 MP: 7/7
  3536 | D:4      | Found a faded altar of an unknown god.
  3538 | D:4      | Found a shadowy altar of Dithmenos.
  3540 | D:4      | Found a white marble altar of Elyvilon.
  3582 | D:5      | Entered Level 5 of the Dungeon
  3606 | D:5      | Noticed Dowan
  3607 | D:5      | Noticed Duvessa
  3629 | D:5      | Killed Duvessa
  3634 | D:5      | Killed Dowan
  3689 | D:5      | Reached skill level 8 in Unarmed Combat
  3718 | D:5      | Reached skill level 5 in Fighting
  3718 | D:5      | Reached skill level 5 in Dodging
  3754 | D:5      | Found a radiant altar of Vehumet.
  4130 | D:5      | Noticed Edmund
  4133 | D:5      | Noticed Eustachio
  4162 | D:5      | Killed Edmund
  4181 | D:5      | Killed Eustachio
  4181 | D:5      | Reached XP level 9. HP: 54/88 MP: 5/8
  4333 | D:6      | Found a staircase to the Ecumenical Temple.
  4349 | D:6      | Reached skill level 9 in Unarmed Combat
  4369 | Temple   | Entered the Ecumenical Temple
  5168 | D:6      | Found a runed door.
  5270 | D:6      | Noticed Crazy Yiuf
  5271 | D:6      | Killed Crazy Yiuf
  5309 | D:7      | Reached skill level 6 in Fighting
  5383 | D:7      | Reached skill level 10 in Unarmed Combat
  5396 | D:7      | Reached skill level 6 in Dodging
  5412 | D:7      | Found a shattered altar of Ashenzari.
  5675 | D:7      | Noticed a troll
  5688 | D:7      | Killed a troll
  6230 | D:8      | Noticed Blork the orc
  6240 | D:8      | Killed Blork the orc
  6240 | D:8      | Reached XP level 10. HP: 94/100 MP: 7/9
  6539 | D:8      | You fall through a shaft for 3 floors!
  6548 | D:11     | Reached skill level 11 in Unarmed Combat
  6556 | D:10     | Entered Level 10 of the Dungeon
  6745 | D:10     | Reached skill level 7 in Fighting
  6805 | D:9      | Noticed a two-headed ogre
  6862 | D:8      | Noticed a two-headed ogre
  6879 | D:8      | Killed a two-headed ogre
  6879 | D:8      | Reached skill level 7 in Dodging
  7819 | D:9      | Noticed a two-headed ogre
  7835 | D:9      | Reached skill level 12 in Unarmed Combat
  7840 | D:9      | Killed a two-headed ogre
  7991 | D:9      | Killed a two-headed ogre
  7991 | D:9      | Reached XP level 11. HP: 64/110 MP: 6/10
  8084 | D:9      | Found a staircase to the Lair.
  8392 | D:9      | Found a deep blue altar of Sif Muna.
  8570 | Lair:1   | Entered Level 1 of the Lair of Beasts
  8772 | Lair:1   | Reached skill level 8 in Fighting
  8991 | Lair:2   | Reached skill level 13 in Unarmed Combat
  9094 | Lair:2   | Reached skill level 8 in Dodging
  9424 | Lair:4   | Noticed a death yak
  9426 | Lair:4   | Noticed a death yak
  9466 | Lair:4   | Noticed a five-headed hydra
  9484 | Lair:4   | Killed an eight-headed hydra
  9553 | Lair:4   | Noticed an oklob plant
  9595 | Lair:4   | Reached XP level 12. HP: 122/122 MP: 11/11
  9624 | Lair:4   | Reached skill level 14 in Unarmed Combat
  9744 | Lair:5   | Noticed Kirke
  9804 | Lair:4   | Reached skill level 9 in Fighting
  9820 | Lair:4   | Found a hole to the Spider Nest.
  9930 | Lair:6   | Entered Level 6 of the Lair of Beasts
  9971 | Lair:6   | Noticed a seven-headed hydra
 10010 | Lair:6   | Found a staircase to the Slime Pits.
 10012 | Lair:6   | Found a viscous altar of Jiyva.
 10023 | Lair:6   | Became a worshipper of Jiyva Juyfan the Shapeless
 10023 | Lair:6   | Reached * piety under Jiyva
 10023 | Lair:6   | Reached ** piety under Jiyva
 10231 | Lair:1   | Noticed p0werm0de's ghost (novice OpBe)
 10238 | Lair:1   | Killed p0werm0de's ghost
 10647 | Lair:2   | Found a staircase to the Shoals.
 10652 | Lair:2   | Reached skill level 9 in Dodging
 10761 | Lair:2   | Noticed a four-headed hydra
 10792 | Lair:2   | Killed an 11-headed hydra
 10912 | Lair:2   | Found a hide-covered altar of Uskayaw.
 11245 | Lair:2   | Reached skill level 15 in Unarmed Combat
 11265 | Lair:2   | Reached *** piety under Jiyva
 11265 | Lair:2   | Gained mutation: You have very sharp teeth. [Jiyva's grace]
 11806 | Lair:3   | Reached **** piety under Jiyva
 12222 | Lair:4   | Noticed a death yak
 12224 | Lair:4   | Noticed a death yak
 12225 | Lair:4   | Noticed a death yak
 12225 | Lair:4   | Noticed a death yak
 12232 | Lair:3   | Killed a death yak
 12343 | Lair:3   | Killed a death yak
 12476 | Lair:4   | HP: 30/126 [spiny frog (18)]
 12481 | Lair:4   | HP: 28/126 [poisoned by a spiny frog]
 12486 | Lair:4   | HP: 28/126 [poisoned by a spiny frog]
 12492 | Lair:4   | HP: 31/126 [poisoned by a spiny frog]
 12616 | Lair:4   | Reached XP level 13. HP: 133/133 MP: 12/12
 12896 | Lair:3   | Gained mutation: You have a small jelly attached to you that senses nearby items. [Jiyva's grace]
 12962 | Lair:4   | Noticed an azure jelly
 12962 | Lair:4   | a five-headed hydra changed into an azure jelly
 13086 | Lair:4   | Reached skill level 10 in Fighting
 13874 | Lair:5   | Noticed a sphinx
 14155 | Lair:5   | Reached skill level 16 in Unarmed Combat
 14215 | Lair:5   | Reached skill level 10 in Dodging
 14288 | Lair:5   | Lost mutation: You have very sharp teeth. [Jiyva's grace]
 14318 | Lair:5   | Noticed an entropy weaver
 14517 | Lair:5   | Reached ***** piety under Jiyva
 14545 | Lair:5   | Noticed an entropy weaver
 14560 | Lair:5   | HP: 32/135 [entropy weaver (9)]
 14562 | Lair:5   | HP: 10/135 [entropy weaver (12)]
 14564 | Lair:5   | HP: 4/135 [entropy weaver (6)]
 14564 | Lair:5   | Mangled by an entropy weaver

Vault maps used:
D:1:      eino_arrival_cavern_d
D:2:      wad_lake_hut, old_standard_altar, lemuel_round_altar, first_bread,
          st_stairs_11, minmay_crystal_room, minmay_hexomino_r4, uniq_jessica
D:3:      roderic_lattice_a
D:4:      lemuel_doored_altar, chequers_temple_overflow_minitemple,
          serial_glass, glass_columns_c, glass_columns_b, due_unseen_surprise,
          minmay_strange_pillars, item_on_display_a, item_on_display_a,
          gup_sewer_entry_bubbles, hangedman_decor_riveting, lemuel_tele_altar
D:5:      vehumet_altar_wand_db, uniq_edmund, uniq_duvessa, uniq_eustachio
D:6:      minmay_temple_entry_large_hall, minmay_holes,
          hangedman_abyss_or_decor_stagger, uniq_blork_the_orc,
          uniq_crazy_yiuf_cottage
D:7:      cheibrodos_ashenzari_chains
D:8:      the_bakery, hangedman_decor_points
D:9:      led_sif_pool, dpeg_oklobed_lair
D:11:     basic_altar, nemelex_xobeh_ov_fountains_minmay
Temple:   zaba_magenta_temple
Lair:1:   st_stairs_13
Lair:2:   elwin_shoals_entry_stream, lemuel_oklob_altar, grunt_megastairs_1
Lair:4:   nicolae_spider_entry_non_spiders, disabler_island
Lair:5:   minivault_29, uniq_kirke
Lair:6:   wormcave, guppyfry_lair_end_dragon, slime_altar_1,
          serial_bayou_shore_b
Sewer:    sewer_minmay_w

Skill      XL: |  1  2  3  4  5  6  7  8  9 10 11 12 13 |
---------------+----------------------------------------+-----
Unarmed Combat | 4 5 6 7 8 10 12 13 15 16 | 16.2
Fighting       | 3 4 5 6 7 8 9 10 | 10.4
Dodging        | 3 4 5 6 7 8 9 10 | 10.1
Stealth        | |  1.0

Action                   |  1- 3 |  4- 6 |  7- 9 | 10-12 | 13-15 || total
-------------------------+-------+-------+-------+-------+-------++-------
Melee: Unarmed           |    81 |   214 |   320 |   619 |   220 ||  1454
       Punch             |     1 |     5 |     9 |    52 |    20 ||    87
       Bite              |       |       |       |     6 |    29 ||    35
Invok: Request Jelly     |       |       |       |     1 |     2 ||     3
       Slimify           |       |       |       |       |     1 ||     1
Evoke: Wand              |       |       |       |     2 |       ||     2
  Use: Scroll            |       |       |       |    17 |     1 ||    18
       Potion            |       |       |       |       |     2 ||     2
 Stab: Sleeping          |     1 |     1 |     2 |     7 |       ||    11
       Distracted        |       |       |     1 |       |     1 ||     2
  Eat: Chunk             |    12 |    21 |    30 |    51 |    12 ||   126
Armor: Robe              |    26 |    67 |    49 |   118 |    43 ||   303
Dodge: Dodged            |    60 |   146 |   173 |   305 |   119 ||   803

Vault maps used:
D:1:      eino_arrival_cavern_d
D:2:      wad_lake_hut, old_standard_altar, lemuel_round_altar, first_bread,
          st_stairs_11, minmay_crystal_room, minmay_hexomino_r4, uniq_jessica
D:3:      roderic_lattice_a
D:4:      lemuel_doored_altar, chequers_temple_overflow_minitemple,
          serial_glass, glass_columns_c, glass_columns_b, due_unseen_surprise,
          minmay_strange_pillars, item_on_display_a, item_on_display_a,
          gup_sewer_entry_bubbles, hangedman_decor_riveting, lemuel_tele_altar
D:5:      vehumet_altar_wand_db, uniq_edmund, uniq_duvessa, uniq_eustachio
D:6:      minmay_temple_entry_large_hall, minmay_holes,
          hangedman_abyss_or_decor_stagger, uniq_blork_the_orc,
          uniq_crazy_yiuf_cottage
D:7:      cheibrodos_ashenzari_chains
D:8:      the_bakery, hangedman_decor_points
D:9:      led_sif_pool, dpeg_oklobed_lair
D:11:     basic_altar, nemelex_xobeh_ov_fountains_minmay
Temple:   zaba_magenta_temple
Lair:1:   st_stairs_13
Lair:2:   elwin_shoals_entry_stream, lemuel_oklob_altar, grunt_megastairs_1
Lair:4:   nicolae_spider_entry_non_spiders, disabler_island
Lair:5:   minivault_29, uniq_kirke
Lair:6:   wormcave, guppyfry_lair_end_dragon, slime_altar_1,
          serial_bayou_shore_b
Sewer:    sewer_minmay_w

Table legend:
 A = Turns spent in this place as a percentage of turns spent in the entire game.
 B = Non-inter-level travel turns spent in this place as a percentage of non-inter-level travel turns spent in the entire game.
 C = Inter-level travel turns spent in this place as a percentage of turns spent in this place.
 D = Turns resting spent in this place as a percentage of non-inter-level travel turns spent in this place.
 E = Turns spent auto-exploring this place as a percentage of non-inter-level travel turns spent in this place.
 F = Non-inter-level travel turns spent in this place divided by the number of levels of this place that you've seen.
                   A       B       C       D       E      F
               +-------+-------+-------+-------+-------+----------------------
         Total | 100.0 | 100.0 |   0.5 |   1.3 |   4.8 | 368.2
       Dungeon |  48.4 |  48.3 |   0.7 |   1.5 |   7.6 | 307.0
        Temple |   0.5 |   0.5 |   0.0 |   0.0 |  23.5 |  34.0
          Lair |  46.7 |  46.8 |   0.4 |   0.9 |   1.7 | 545.7
         Sewer |   4.4 |   4.4 |   0.0 |   1.9 |   4.8 | 310.0
               +-------+-------+-------+-------+-------+----------------------

Table legend:
 A = Kills in this place as a percentage of kills in entire the game.
 B = Kills by you in this place as a percentage of kills by you in the entire game.
 C = Kills by friends in this place as a percentage of kills by friends in the entire game.
 D = Other kills in this place as a percentage of other kills in the entire game.
 E = Experience gained in this place as a percentage of experience gained in the entire game.
 F = Experience gained in this place divided by the number of levels of this place that you have seen.
                   A       B       C       D       E      F
               +-------+-------+-------+-------+-------+----------------------
         Total | 100.0 | 100.0 |  -nan |  -nan | 100.0 | 2765.5
       Dungeon |  53.4 |  53.4 |  -nan |  -nan |  25.6 | 1220.6
          Lair |  36.1 |  36.1 |  -nan |  -nan |  73.8 | 6464.2
         Sewer |  10.5 |  10.5 |  -nan |  -nan |   0.6 | 332.0
               +-------+-------+-------+-------+-------+----------------------
